 Dungeon Crawl Stone Soup version 0.23-a0-490-ge7ea69a (webtiles) character file.

7792 JeffiDaFish the Reanimator (level 11, -6/67 HPs)
             Began as a Deep Elf Necromancer on Dec 2, 2018.
             Was a Priest of Sif Muna.
             Mangled by a spiny frog (11 damage)
             ... on level 1 of the Lair of Beasts.
             The game lasted 00:45:45 (11907 turns).

JeffiDaFish the Reanimator (Deep Elf Necromancer)  Turns: 11907, Time: 00:45:46

Health: -6/67      AC: 12    Str:  5    XL:     11   Next: 1%
Magic:  0/27       EV: 19    Int: 24    God:    Sif Muna [***...]
Gold:   209        SH:  0    Dex: 18    Spells: 19/30 levels left

rFire    . . .     SeeInvis .   s - +2 dagger (venom)
rCold    . . .     Gourm    .   (no shield)
rNeg     . . .     Faith    .   a - +2 robe
rPois    .         Spirit   .   (helmet restricted)
rElec    .         Reflect  .   n - +2 cloak
rCorr    .         Harm     .   y - +2 pair of gloves {Dex+3}
MR       +....                  (no boots)
Stlth    +++.......             (no amulet)
HPRegen  0.21/turn              k - ring of flight
MPRegen  0.20/turn              (no ring)

@: lethally poisoned (-6 -> -16), studying Fighting, drained
A: beak, iridescent scales 1, blurry vision 1
a: Divine Energy, Channel Magic, Renounce Religion, Evoke Flight


You were on level 1 of the Lair of Beasts.
You worshipped Sif Muna.
Sif Muna was most pleased with you.
You were not hungry.

You visited 2 branches of the dungeon, and saw 10 of its levels.
You also visited: Sewer.

You collected 389 gold pieces.
You spent 180 gold pieces at shops.

Inventory:

Hand Weapons
 e - a +0 dagger
 s - a +2 dagger of venom (weapon)
Armour
 a - a +2 robe (worn)
 b - a +0 troll leather armour {Purgy}
 n - a +2 cloak (worn)
 y - a +2 pair of gloves of dexterity (worn)
Jewellery
 k - a ring of flight (left hand)
 m - an uncursed ring of positive energy {unknown}
 x - an uncursed ring of ice
Wands
 p - a wand of enslavement (2)
 t - a wand of paralysis (22)
Scrolls
 d - 5 scrolls of remove curse
 g - a scroll of fog
 h - a scroll of blinking
 j - 2 scrolls of fear
 l - a scroll of amnesia
 o - a scroll of teleportation
 v - 2 scrolls of identify
Potions
 f - 4 potions of flight
 i - a potion of might
 q - a potion of mutation
 w - 2 potions of brilliance
Books
 u - a manual of Fighting
Comestibles
 c - 11 rations
 r - a chunk of flesh


   Skills:
 + Level 7.5(7.2) Fighting
 + Level 9.4(9.0) Dodging
 - Level 6.0(5.6) Stealth
 + Level 10.3(9.9) Spellcasting
 * Level 13.2(12.9) Necromancy


You had 19 spell levels left.
You knew the following spells:

 Your Spells              Type           Power        Failure   Level  Hunger
a - Pain                  Necr           ####         1%          1    None
b - Vampiric Draining     Necr           ######....   1%          3    None
c - Regeneration          Chrm/Necr      #####.....   1%          3    None
d - Animate Dead          Necr           N/A          1%          4    #......

Your spell library contained the following spells:

 Spells                   Type           Power        Failure   Level  Hunger
 Animate Skeleton         Necr           N/A          1%          1    None


Dungeon Overview and Level Annotations

Branches:
Dungeon (9/15)             Temple (0/1) D:6            Lair (1/6) D:8
    Orc: D:9-12

Altars:
Fedhas
Gozag
Nemelex Xobeh
Okawaru
Sif Muna
Wu Jian

Shops:
D:4 (*   D:7 **(

Annotations:
D:5 1 runed door, minmay's ghost, novice NaHu


Innate Abilities, Weirdness & Mutations

You have a beak for a mouth.
You are partially covered in iridescent scales. (AC +2)
Scrolls take you a little longer to read.


Message History

The spiny frog barely resists.
The spiny frog barely misses you. The spiny frog stings you!
You are poisoned.
The spiny frog poisons you!
Casting: Pain (safe; 1% risk of failure)
Confirm with . or Enter, or press ? or * to list all spells.
Aiming: Pain (safe; 1% risk of failure)
Press: ? - help, Shift-Dir - straight line, f/p - spiny frog
Aim: a spiny frog (almost dead, chance to defeat MR: 84%)
The spiny frog writhes in agony!
You feel sick. The spiny frog stings you!!
* * * LOW HITPOINT WARNING * * *
* * * LOW HITPOINT WARNING * * *
You feel sick.
* * * LOW HITPOINT WARNING * * *
You feel sick.
Found a dagger.
Okay, then.
Really read with blurry vision while enemies are nearby?
The spiny frog stings you!
You die...

#.......####
##>......#
#........#
##.......##
#........#
#..รท....##
##.<.....#
#..F.....##
##.@.....P#
#.......##
#........#
##.......#
#.......#
#.......#
#.......#
#.....).#


You could see a spiny frog.

Vanquished Creatures
  An unseen horror (D:9)
  Pikel (D:6)
  A centaur zombie (D:8)
  A troll (D:8)
  2 hornets (D:8)
  Prince Ribbit (D:6)
  A hippogriff (D:9)
  2 hungry ghosts
  Menkaure (D:7)
  A soldier ant (D:8)
  Edmund (D:6)
  Dowan (D:5)
  Duvessa (D:5)
  A porcupine (Lair:1)
  2 black bears
  Purgy (Sewer)
  2 ice beasts
  An orc warrior (D:9)
  An eye of draining (D:9)
  A slave (D:5)
  5 sky beasts
  4 ogres
  2 centaurs
  A crocodile (Lair:1)
  8 wolves
  4 bullfrogs
  3 scorpions
  3 killer bees (D:9)
  An electric eel (D:8)
  9 wights
  3 howler monkeys
  A bullfrog zombie (D:6)
  A quasit (D:8)
  Crazy Yiuf (D:6)
  3 crimson imps
  7 hounds
  3 orc priests
  7 orc wizards
  3 iguanas
  10 worker ants
  A killer bee zombie (D:9)
  A hound zombie (D:7)
  A howler monkey zombie (D:7)
  12 adders
  4 shadow imps
  2 oozes
  5 worms
  7 leopard geckos
  20 orcs
  7 bats
  3 giant cockroaches
  5 goblins
  4 hobgoblins
  8 kobolds
  2 quokkas
  3 ball pythons (D:3)
  7 frilled lizards
  8 rats
203 creatures vanquished.

Vanquished Creatures (collateral kills)
  A wyvern skeleton (D:6)
  A wight (D:6)
  A centaur skeleton (D:6)
  A leopard gecko (D:6)
4 creatures vanquished.

Vanquished Creatures (others)
  A slave (D:6)
  A wight (D:6)
  A crimson imp (D:5)
  A fungus (Lair:1)
4 creatures vanquished.

Grand Total: 211 creatures vanquished

Notes
Turn   | Place    | Note
-------+----------+-------------------------------------------
     0 | D:1      | JeffiDaFish the Deep Elf Necromancer began the quest for
                  | the Orb.
     0 | D:1      | Reached XP level 1. HP: 10/10 MP: 6/6
   380 | D:1      | Reached skill level 5 in Necromancy
   489 | D:1      | Reached XP level 2. HP: 14/15 MP: 8/8
   992 | D:2      | Reached XP level 3. HP: 18/19 MP: 7/9
  1025 | D:2      | Learned a level 3 spell: Vampiric Draining
  1387 | D:2      | Reached XP level 4. HP: 13/24 MP: 2/11
  1875 | D:2      | Found a faded altar of an unknown god.
  2044 | D:3      | Reached skill level 6 in Necromancy
  2101 | D:3      | Learned a level 3 spell: Regeneration
  2288 | D:3      | Found a sparkling altar of Nemelex Xobeh.
  2304 | D:3      | Reached XP level 5. HP: 13/28 MP: 9/13
  2374 | D:3      | Found a glowing drain.
  2464 | Sewer    | Entered a sewer
  2518 | Sewer    | Noticed Purgy
  2528 | Sewer    | Killed Purgy
  2636 | Sewer    | Gained mutation: Scrolls take you a little longer to read.
                  | [potion of mutation]
  2636 | Sewer    | Gained mutation: You are partially covered in iridescent
                  | scales. (AC +2) [potion of mutation]
  2636 | Sewer    | Gained mutation: You have a beak for a mouth. [potion of
                  | mutation]
  2888 | D:4      | Reached XP level 6. HP: 20/32 MP: 3/15
  2899 | D:4      | Learned a level 4 spell: Animate Dead
  3275 | D:4      | Found an opulent altar of Gozag.
  3327 | D:4      | Found a blossoming altar of Fedhas.
  3451 | D:4      | Reached skill level 7 in Necromancy
  3558 | D:4      | Found Cohoiq's Weapon Emporium.
  3595 | D:4      | Found a deep blue altar of Sif Muna.
  3595 | D:4      | Found an ornate altar of the Wu Jian Council.
  3618 | D:4      | Found Quyc's General Store.
  3652 | D:4      | Became a worshipper of Sif Muna the Loreminder
  3835 | D:4      | Reached skill level 5 in Spellcasting
  4182 | D:5      | Entered Level 5 of the Dungeon
  4212 | D:5      | Noticed a sky beast
  4436 | D:5      | Killed a sky beast
  4436 | D:5      | Reached skill level 5 in Stealth
  4436 | D:5      | Reached XP level 7. HP: 34/36 MP: 12/16
  4497 | D:5      | Noticed Duvessa
  4498 | D:5      | Noticed Dowan
  4522 | D:5      | Killed Duvessa
  5040 | D:5      | Killed Dowan
  5040 | D:5      | Reached skill level 5 in Dodging
  5040 | D:5      | Reached skill level 8 in Necromancy
  5069 | D:5      | Found a runed door.
  5688 | D:5      | Noticed minmay's ghost (novice NaHu)
  5800 | D:6      | Reached XP level 8. HP: 42/42 MP: 17/19
  5834 | D:6      | Reached skill level 1 in Fighting
  5859 | D:6      | Found a staircase to the Ecumenical Temple.
  5895 | D:6      | Reached * piety under Sif Muna
  5956 | D:6      | Reached skill level 9 in Necromancy
  6090 | D:6      | Noticed Pikel
  6247 | D:6      | Noticed Prince Ribbit
  6263 | D:6      | Killed Prince Ribbit
  6380 | D:6      | Reached skill level 10 in Necromancy
  6459 | D:6      | Killed Pikel
  6459 | D:6      | Reached XP level 9. HP: 40/52 MP: 5/22
  6460 | D:6      | Noticed Edmund
  6467 | D:6      | Killed Edmund
  6670 | D:6      | Reached ** piety under Sif Muna
  6717 | D:6      | Found a runed door.
  6721 | D:6      | Noticed Crazy Yiuf
  6726 | D:6      | Killed Crazy Yiuf
  6990 | D:7      | Found Urchenar's Assorted Antiques.
  7192 | D:7      | Found Mal Geci's Assorted Antiques.
  7270 | D:7      | Noticed Menkaure
  7306 | D:7      | Killed Menkaure
  7484 | D:7      | Found Rabig's Antique Weapon Emporium.
  7567 | D:7      | Reached skill level 11 in Necromancy
  7833 | D:4      | Bought 2 scrolls of enchant armour for 180 gold pieces
  8006 | D:8      | Found a staircase to the Lair.
  8013 | D:8      | Reached skill level 5 in Fighting
  8314 | D:8      | Noticed a troll
  8324 | D:8      | Killed a troll
  8405 | D:8      | Reached XP level 10. HP: 50/60 MP: 11/24
  9007 | D:8      | Reached skill level 12 in Necromancy
  9504 | D:8      | Found an iron altar of Okawaru.
  9849 | D:9      | Reached *** piety under Sif Muna
 10790 | D:9      | Reached skill level 10 in Spellcasting
 11207 | D:9      | Killed an unseen horror
 11207 | D:9      | Reached skill level 13 in Necromancy
 11797 | Lair:1   | Entered Level 1 of the Lair of Beasts
 11818 | Lair:1   | Noticed a spiny frog
 11847 | Lair:1   | Reached XP level 11. HP: 56/67 MP: 6/27
 11907 | Lair:1   | Mangled by a spiny frog

Vault maps used:
D:1:      lightli_arrival_flooded_house, minmay_lizard_king
D:2:      chequers_ecumenical_altar_simple, kennysheep_small_spiral,
          chequers_serial_rivers_micro_d, chequers_serial_rivers_marsh
D:3:      portal_sewer_entry_e, nemelex_dance_club_becter
D:4:      minmay_chambers_of_twos, grunt_gozag_breadcrumbs,
          gammafunk_temple_overflow_wave, first_ration, serial_shops, shop,
          shop, fedhas_altar_4
D:5:      ebering_ghost_reflecting_pool, minmay_misc_feat_secret_circle,
          minmay_manual_mullet, uniq_duvessa
D:6:      minmay_temple_entry_arrows, uniq_pikel, uniq_edmund,
          uniq_prince_ribbit1, uniq_crazy_yiuf_cottage
D:7:      serial_shops, shop_statue, shop, nicolae_shop_stone, uniq_menkaure
D:8:      marbit_many_paths, erik_lair_island, hangedman_pestilent_swarm,
          minmay_door_square
Lair:1:   beast_lair_carwin_5, grunt_megastairs_3
Sewer:    kennysheep_door_sewer

Skill      XL: |  1  2  3  4  5  6  7  8  9 10 |
---------------+-------------------------------+-----
Necromancy     | 5 6 7 8 10 11 13 | 13.2
Stealth        | 3 4 5 6 |  6.0
Dodging        | 3 4 5 6 8 9 |  9.4
Spellcasting   | 4 5 6 7 8 10 | 10.3
Fighting       | 4 5 7 |  7.5

Action                   |  1- 3 |  4- 6 |  7- 9 | 10-12 || total
-------------------------+-------+-------+-------+-------++-------
Melee: Dagger            |    14 |   169 |   538 |   426 ||  1147
       Peck              |       |    18 |    94 |    69 ||   181
 Cast: Pain              |    43 |    51 |    88 |    74 ||   256
       Vampiric Draining |     1 |    20 |    42 |    45 ||   108
       Regeneration      |       |     4 |    26 |    12 ||    42
       Animate Dead      |       |       |     1 |       ||     1
Evoke: Wand              |       |       |     4 |       ||     4
  Use: Scroll            |     3 |     5 |     8 |     3 ||    19
       Potion            |     2 |     7 |     3 |     1 ||    13
 Stab: Sleeping          |     3 |    18 |     2 |     9 ||    32
       Paralysed         |       |       |     2 |       ||     2
       Distracted        |       |       |     1 |     1 ||     2
  Eat: Chunk             |     1 |     8 |     8 |     4 ||    21
       Ration            |       |     1 |     7 |     3 ||    11
Armor: Robe              |     4 |    74 |   216 |   143 ||   437
Dodge: Dodged            |    18 |   135 |   463 |   347 ||   963

Table legend:
 A = Non-vault XP
 B = Vault XP
 C = Vault XP percentage of total XP
 D = Non-vault monster count
 E = Vault monster count
 F = Vault count percentage of total count
                 A         B        C        D         E       F
            +---------+---------+-------+---------+---------+-------
      Total |    7414 |    3718 |  33.4 |     155 |      51 |  24.8
            +---------+---------+-------+---------+---------+-------
        D:1 |      23 |       8 |  25.8 |      14 |       6 |  30.0
        D:2 |     126 |       0 |   0.0 |      20 |       0 |   0.0
        D:3 |      34 |      19 |  35.8 |       8 |      10 |  55.6
        D:4 |     153 |     145 |  48.7 |       9 |       5 |  35.7
        D:5 |     337 |     406 |  54.6 |       8 |       5 |  38.5
        D:6 |    1214 |     981 |  44.7 |      20 |       4 |  16.7
        D:7 |     891 |     555 |  38.4 |      12 |       5 |  29.4
        D:8 |    1436 |    1352 |  48.5 |      31 |       9 |  22.5
        D:9 |    2609 |       0 |   0.0 |      28 |       0 |   0.0
     Lair:1 |     591 |     111 |  15.8 |       5 |       1 |  16.7
      Sewer |       0 |     141 | 100.0 |       0 |       6 | 100.0
            +---------+---------+-------+---------+---------+-------
